 Dungeon Crawl Stone Soup version 0.30-a0-879-ga8ba668304 (webtiles) character file.

Game seed: 11263141391087632244

569815 cheesebisquit the Metallomancer (level 26, -3/147 HPs)
             Began as a Gargoyle Earth Elementalist on Mar 12, 2023.
             Was the Champion of Vehumet.
             Killed from afar by a red draconian scorcher (28 damage)
             ... with damnation
             ... led by a black draconian knight
             ... on level 2 of the Realm of Zot.
             The game lasted 05:12:03 (72292 turns).

cheesebisquit the Metallomancer (GrEE)             Turns: 72292, Time: 05:12:04

Health: -3/147     AC: 40    Str:  4    XL:     26   Next: 93%
Magic:  31/42      EV: 20    Int: 34    God:    Vehumet [******]
Gold:   2415       SH: 29    Dex: 25    Spells: 13/55 levels left

rFire   . . .      SeeInvis +    l - +0 staff of Battle
rCold   . . .      Faith    .    a - +1 tower shield "Vetz" {Rampage +Blink Dex+4 Stlth+}
rNeg    + . .      Spirit   .    D - +2 robe {Archmagi}
rPois   ∞          Reflect  +    n - +2 helmet
rElec   +          Rampage  ∞    G - +2 cloak of the Thief {*Fog Slay-2 SInv Stlth+}
rCorr   .          Archmagi +    p - +2 pair of gloves {Dex+3}
Will    ++...                    g - +3 pair of seven-league boots {Rampage+∞}
Stlth   ++++                     j - amulet "Jimac" {Reflect Fragile +Inv Slay+4 SH+5 Stlth-}
HPRegen 0.44/turn                J - ring of Panentheism {rPois Will+ Str-4 Dex+8}
MPRegen 0.28/turn                B - +6 ring of intelligence

@: flying, studying Throwing, unable to read, unable to drink
A: sickness immunity, AC +20, big wings, negative energy resistance 1,
electricity resistance, torment resistance 1, petrification resistance,
deterioration 1, frail 1, weak 2, inability to drink after injury 1, inability
to read after injury 2
}: 3/15 runes: serpentine, barnacled, silver
a: Renounce Religion, Evoke Blink, Evoke Invisibility


You were on level 2 of the Realm of Zot.
You worshipped Vehumet.
Vehumet was exalted by your worship.
You visited 10 branches of the dungeon, and saw 45 of its levels.
You visited 1 bazaar.
You also visited: Sewer and Wizlab.

You collected 6836 gold pieces.
You spent 4421 gold pieces at shops.

Inventory:

Hand Weapons
 l - the +0 staff of Battle (weapon)
   (You acquired it on level 5 of the Dungeon)

   It enhances your conjuration magic.
   It summons a battlesphere in combat, with strength depending on Conjurations
   skill.
   Its strikes trigger the battlesphere's blasts.
Missiles
 r - 24 atropa-tipped darts
 w - 12 curare-tipped darts
 x - 4 silver boomerangs
 A - 11 throwing nets
 M - 82 poisoned darts
 N - 8 silver javelins
 Q - 13 boomerangs of dispersal
 Y - 2 datura-tipped darts
Armour
 a - the +1 tower shield "Vetz" (worn) {Rampage +Blink Dex+4 Stlth+}
   (You acquired it on level 4 of the Snake Pit)

   Dex:       It affects your dexterity (+4).
   +Blink:    It lets you blink.
   Rampage:   It bestows one free step when moving towards enemies.
   Stlth:     It makes you more stealthy.
 d - the +1 cloak of Starlight {*Dazzle EV+4 Stlth--}
   (You found it in a wizard's laboratory)

   *Dazzle:   It may blind those who miss an attack against the wearer in melee
   combat.
   EV:        It affects your evasion (+4).
   Stlth:     It makes you much less stealthy.
 g - the +3 pair of seven-league boots (worn) {Rampage+∞}
   (You acquired it on level 5 of the Dungeon)

   Rampage+∞: When moving toward enemies, its wearer moves as far as possible.
 n - a +2 helmet (worn)
 p - a +2 pair of gloves of dexterity (worn)
 D - a +2 robe of the Archmagi (worn)
 G - the +2 cloak of the Thief (worn) {*Fog Slay-2 SInv Stlth+}
   (You found it on level 3 of the Vaults)

   *Fog:      It may release a thick cloud of smoke when the wearer is hurt.
   Slay:      It affects your accuracy & damage with ranged weapons and melee
   (-2).
   SInv:      It lets you see invisible.
   Stlth:     It makes you more stealthy.
Jewellery
 j - the amulet "Jimac" (around neck) {Reflect Fragile +Inv Slay+4 SH+5 Stlth-}
   (You found it on level 2 of the Depths)

   [amulet of reflection]

   It reflects blocked missile attacks.
   Slay:      It affects your accuracy & damage with ranged weapons and melee
   (+4).
   +Inv:      It lets you turn invisible.
   Fragile:   It will be destroyed if unequipped.
   SH:        It affects your SH (+5).
   Stlth:     It makes you less stealthy.
 k - an amulet of regeneration
 B - a +6 ring of intelligence (right hand)
 J - the ring of Panentheism (left hand) {rPois Will+ Str-4 Dex+8}
   (You found it on level 11 of the Dungeon)

   [ring of willpower]

   Str:       It affects your strength (-4).
   Dex:       It affects your dexterity (+8).
   rPois:     It protects you from poison.
   Will:      It increases your willpower.
 S - a ring of willpower
Wands
 f - a wand of flame (38)
 y - a wand of roots (43)
 E - a wand of acid (53)
 H - a wand of polymorph (40)
 O - a wand of mindburst (52)
 P - a wand of charming (25)
 Z - a wand of digging (5)
Scrolls
 b - 9 scrolls of fog
 c - 8 scrolls of immolation
 e - 23 scrolls of teleportation
 i - 6 scrolls of vulnerability
 m - 2 scrolls of butterflies
 o - 6 scrolls of poison
 s - 3 scrolls of enchant armour
 F - 4 scrolls of fear
 I - 2 scrolls of silence
 K - 7 scrolls of torment
 U - 6 scrolls of magic mapping
 X - a scroll of blinking
Potions
 h - 9 potions of mutation
 q - 35 potions of curing
 t - 12 potions of attraction
 u - a potion of brilliance
 v - 11 potions of lignification
 z - 10 potions of haste
 C - 5 potions of resistance
 L - 5 potions of cancellation
 R - 3 potions of invisibility
 T - a potion of heal wounds
 V - 3 potions of berserk rage
 W - 5 potions of ambrosia


   Skills:
 + Level 16.6 Fighting
 + Level 12.6 Staves
 + Level 13.6 Armour
 + Level 10.7 Dodging
 - Level 2.1 Stealth
 + Level 18.4 Shields
 + Level 15.4 Spellcasting
 + Level 22.8 Conjurations
 - Level 0.7 Transmutations
 + Level 24.2 Earth Magic
 + Level 11.1 Evocations


You had 13 spell levels left.
You knew the following spells:

 Your Spells              Type           Power      Damage    Failure   Level
a - Sandblast             Erth           100%       2d20      0%          1
b - Stone Arrow           Conj/Erth      100%       3d13      0%          3
c - Iron Shot             Conj/Erth      80%        9d15      1%          6
d - Petrify               Tmut/Erth      100%       N/A       1%          4
e - Dazzling Flash        Conj/Hex       100%       N/A       1%          3
f - Iskenderun's Mystic   Conj/Tloc      100%       2d19      1%          4
g - Lehudib's Crystal Sp  Conj/Erth      80%        10d18     1%          8
h - Fireball              Conj/Fire      62%        3d24      1%          5
i - Hailstorm             Conj/Ice       100%       3d20      1%          3
j - Lee's Rapid Deconstr  Erth           68%        3d31*     0%          5

Your spell library contained the following spells:

 Spells                   Type           Power      Damage    Failure   Level
 Chain Lightning          Conj/Air       62%        3d83      100%        9
 Polar Vortex             Ice            19%        N/A       100%        9
 Iskenderun's Battlesphe  Conj           100%       2d15      0%          5
 Freeze                   Ice            100%       1d10      1%          1
 Kiss of Death            Conj/Necr      100%       2d13      1%          1
 Shock                    Conj/Air       100%       1d9       1%          1
 Passwall                 Tmut/Erth      87%        N/A       1%          2
 Static Discharge         Conj/Air       100%       2-7/arc   1%          2
 Animate Armour           Summ/Erth      100%       N/A       1%          4
 Fulminant Prism          Conj/Hex       62%        3d26      1%          4
 Leda's Liquefaction      Hex/Erth       52%        N/A       1%          4
 Sticky Flame             Conj/Fire      100%       2d11      1%          4
 Arcjolt                  Conj/Air       62%        1d72      1%          5
 Freezing Cloud           Conj/Ice/Air   54%        6-21      1%          5
 Lightning Bolt           Conj/Air       62%        1d86      1%          5
 Conjure Ball Lightning   Conj/Air       62%        3x3d22    1%          6
 Starburst                Conj/Fire      62%        6d16      1%          6
 Orb of Destruction       Conj           79%        9d18      1%          7
 Apportation              Tloc           78%        N/A       3%          1
 Frozen Ramparts          Ice            78%        1d12      3%          3
 Ignite Poison            Fire/Tmut/Pois 41%        N/A       3%          3
 Kindle Blastsparks       Fire/Tloc/Air  78%        2d16      3%          3
 Blink                    Tloc           78%        N/A       6%          2
 Ensorcelled Hibernation  Hex/Ice        78%        N/A       6%          2
 Spider Form              Tmut/Pois      43%        N/A       10%         3
 Airstrike                Air            19%        2d(3-19)  11%         4
 Call Canine Familiar     Summ           39%        N/A       12%         3
 Portal Projectile        Hex/Tloc       78%        N/A       12%         3
 Swiftness                Air            39%        N/A       12%         3
 Tukima's Dance           Hex            39%        N/A       12%         3
 Vhi's Electric Charge    Tloc/Air       78%        N/A       12%         3
 Yara's Violent Unravell  Hex/Tmut       21%        3d10      24%         5
 Anguish                  Hex/Necr       19%        N/A       36%         4
 Animate Dead             Necr           39%        N/A       36%         4
 Cause Fear               Hex            19%        N/A       36%         4
 Manifold Assault         Tloc           39%        N/A       36%         4
 Passage of Golubria      Tloc           39%        N/A       36%         4
 Summon Lightning Spire   Summ/Air       39%        N/A       36%         4
 Blade Hands              Tmut           23%        N/A       61%         5
 Summon Forest            Summ/Tloc      19%        N/A       71%         5
 Summon Mana Viper        Hex/Summ       39%        N/A       71%         5
 Dispersal                Tloc           19%        N/A       99%         6
 Summon Cactus Giant      Summ           19%        N/A       99%         6
 Dragon Form              Tmut           23%        N/A       100%        7
 Enfeeble                 Hex            19%        N/A       100%        7
 Haunt                    Necr/Summ      19%        N/A       100%        7
 Malign Gateway           Summ/Tloc      19%        N/A       100%        7
 Storm Form               Tmut/Air       21%        N/A       100%        7
 Discord                  Hex            19%        N/A       100%        8
 Disjunction              Tloc           19%        N/A       100%        8
 Ignition                 Fire           19%        3d7       100%        8
 Infestation              Necr           19%        N/A       100%        8
 Maxwell's Capacitive Co  Air            19%        ∞         100%        8
 Necromutation            Tmut/Necr      21%        N/A       100%        8
 Summon Horrible Things   Summ           19%        N/A       100%        8
 Dragon's Call            Summ           19%        N/A       100%        9
 Sublimation of Blood     Necr           Unusable   N/A       N/A         2

Dungeon Overview and Level Annotations

Branches:
Dungeon (15/15)            Temple (1/1) D:4            Lair (5/5) D:9
 Shoals (4/4) Lair:3        Snake (4/4) Lair:2        Slime (0/5) Lair:4
    Orc (2/2) D:10            Elf (3/3) Orc:2        Vaults (5/5) D:13
  Crypt (0/3) Vaults:2     Depths (4/4) D:15            Zot (2/5) Depths:4
  Sewer (visited)          WizLab (visited)

Altars:
Ashenzari
Cheibriados
Dithmenos
Elyvilon
Fedhas
Gozag
Hepliaklqana
Kikubaaqudgha
Makhleb
Nemelex Xobeh
Okawaru
Qazlal
Ru
Sif Muna
Trog
Uskayaw
Vehumet
Wu Jian
Xom
Yredelemnul
Zin
The Shining One
Jiyva
Lugonu

Shops:
D:4 [   D:9 ?   D:10 *[   D:14 !   Orc:2 [([*   Elf:1 *   Elf:3 =   Shoals:1 *
Shoals:2 !   Snake:1 [?   Vaults:2 [   Vaults:5 [   Depths:2 *

Portals:
Hell: Depths:1 Depths:2 Depths:3 Depths:4
Abyss: D:5 Depths:3
Pandemonium: Depths:2 Depths:4
Ziggurat: Depths:1
Trove: Depths:1 (show slimy rune of Zot)

Annotations:
Depths:2 3 runed translucent doors
Zot:1 2 transporters


Innate Abilities, Weirdness & Mutations

You are immune to sickness and miasma.
Your stone body is resilient. (AC +20)
You are immune to poison.
Your large and strong wings let you fly.
You resist negative energy. (rN+)
You are resistant to electric shocks. (rElec)
You are resistant to unholy torment.
You are immune to petrification.
Your body sometimes deteriorates upon taking damage.
You are frail. (-10% HP)
You are very weak. (Str -4)
You occasionally lose the ability to drink potions when taking damage.
You sometimes lose the ability to read scrolls when taking damage.


Message History

You feel a strong surge of power!
You erupt in a blast of force!
The mystic blast hits the golden dragon!!
The golden dragon is severely wounded.
The mystic blast hits the tentacled monstrosity!
The tentacled monstrosity is heavily wounded.
The mystic blast hits the purple draconian!!
You kill the purple draconian!
Vehumet accepts your kill.
The mystic blast hits the shadow dragon!!
The shadow dragon is heavily wounded.
The shadow dragon is knocked back by the mystic blast.
Your battlesphere fires!
A storm dragon comes into view.
The red draconian scorcher points at you and mumbles some strange words.
The sphere of damnation explodes!
The damnation engulfs you!!
* * * LOW HITPOINT WARNING * * *
The damnation engulfs your battlesphere!!
The damnation engulfs the tentacled monstrosity!!
The tentacled monstrosity tentacle-slaps your battlesphere!
The tentacled monstrosity barely misses your battlesphere.
The tentacled monstrosity tentacle-slaps your battlesphere.
The storm dragon barely misses your battlesphere.
The storm dragon claws your battlesphere.
Your battlesphere is destroyed!
Casting: Iskenderun's Mystic Blast (safe; 1% risk of failure)
Confirm with . or Enter, or press ? or * to list all spells.
You feel a strong surge of power!
You erupt in a blast of force!
The mystic blast hits the storm dragon!!
The storm dragon is moderately wounded.
The mystic blast hits the golden dragon!!
The golden dragon is almost dead.
The golden dragon is knocked back by the mystic blast.
The mystic blast hits the tentacled monstrosity!
The tentacled monstrosity is severely wounded.
The mystic blast hits the shadow dragon.
The shadow dragon is severely wounded.
You conjure a globe of magical energy.
The red draconian scorcher points at you and mumbles some strange words.
The sphere of damnation explodes!
The damnation engulfs you!!
You die...

##... . ....## ..
#....# ..°#.d..#
...○..§)##
...d○§§§)##
.y..§§§§§*##
....§DX@§.)##
####.y§§§§..## ##
#.D§§.)...##
..###....#.....#
..................
..................
....##....#####...
#...#.....# #.q
.<........#


You could see a tentacled monstrosity, a golden dragon, a storm dragon, a red
draconian scorcher, a moth of wrath and a friendly battlesphere.

Vanquished Creatures
  2 orbs of fire (Zot:1)
  4 ancient liches
  3 juggernauts
  The ghost of Leriaza the Warrior, a veteran DsVM of Vehumet (Vaults:3)
  Saint Roka (Orc:2)
  Frederick (Depths:3)
  Vashnia (Snake:4)
  Xtahua (Vaults:2)
  A caustic shrike (Depths:2)
  5 golden dragons
  2 bone dragons (Depths:4)
  13 tentacled monstrosities
  Asterion (Snake:4)
  A walking crystal tome (Depths:2)
  A walking frostbound tome (Depths:3)
  5 quicksilver dragons
  4 liches
  6 titans
  2 deep elf blademasters (Elf:3)
  2 krakens
  2 deep elf master archers (Elf:3)
  5 sphinxes
  A death cob (Zot:1)
  An ancient champion (Depths:2)
  Agnes (D:14)
  An eldritch tentacle (WizLab)
  10 storm dragons
  6 tengu reavers
  A storm dragon (shapeshifter) (Vaults:5)
  5 draconian monks
  9 nagarajas
  4 shadow dragons
  A revenant (Vaults:2)
  7 fire giants
  7 deep elf sorcerers
  11 frost giants
  Aizul (Snake:1)
  16 vault wardens
  A draconian knight (Zot:2)
  A draconian scorcher (Zot:2)
  A balrug (Depths:3)
  Louise (D:14)
  2 draconian shifters
  2 iron dragons
  17 ironbound preservers
  5 draconian annihilators
  3 orc warlords
  27 very ugly things
  19 stone giants
  2 spriggan defenders (Depths:2)
  7 ironbound thunderhulks
  4 vampire knights
  3 green draconians
  8 deep elf demonologists
  6 black draconians
  2 white draconians
  12 dire elephants
  5 deep elf annihilators
  6 purple draconians
  7 yellow draconians
  3 spark wasps
  Snorg (Lair:3)
  9 deep elf death magi
  A blizzard demon (Depths:1)
  5 red draconians
  A green death (Depths:2)
  8 ettins
  5 merfolk javelineers (Shoals:4)
  9 merfolk impalers
  7 fire dragons
  The ghost of Newt the Markskobold, a journeyman KoHu of Hepliaklqana (Lair:4)
  4 deep elf high priests
  Josephine (D:14)
  10 yaktaur captains
  2 entropy weavers
  40 vault guards
  7 great orbs of eyes
  4 rakshasas
  Erolcha (D:9)
  7 ice dragons
  2 salamander tyrants (Snake:4)
  A peacekeeper (Vaults:4)
  3 catoblepae
  9 ironbound frosthearts
  7 spriggan air magi
  12 anacondas
  4 merfolk avatars
  4 hydras
  Erica (Lair:1)
  11 centaur warriors
  An ogre mage (Vaults:2)
  A hell beast (Depths:3)
  5 merfolk aquamancers
  24 dancing weapons
  7 two-headed ogres
  9 boulder beetles
  6 deep troll shamans
  8 deep troll earth magi
  6 tengu warriors
  19 death yaks
  14 naga sharpshooters
  2 orc high priests
  11 naga warriors
  A vampire mage (Depths:1)
  Urug (D:10)
  7 hell knights
  Sonja (Lair:5)
  3 spriggan berserkers
  Amaemon (D:9)
  3 thrashing horrors (WizLab)
  A sun demon (WizLab)
  16 deep elf knights
  13 iron trolls
  3 shock serpents
  2 soul eaters
  4 skeletal warriors
  The ghost of Nabski the Arsonist, a novice TeFE of Hepliaklqana (Lair:1)
  A sixfirhy (Depths:2)
  6 skysharks
  2 salamander mystics
  A spectral death yak (Lair:1)
  The ghost of asti the Cleaver, a novice MiFi of Okawaru (D:8)
  5 naga ritualists
  A swamp dragon (Lair:5)
  10 deep elf archers
  51 deep trolls
  An orb spider (shapeshifter) (Vaults:5)
  7 wizards
  A glowing orange brain (WizLab)
  A glowing orange brain (shapeshifter) (Elf:3)
  A flayed ghost (Depths:3)
  13 sea snakes
  4 lindwurms
  An obsidian statue (WizLab)
  6 necromancers
  23 harpies
  14 orc knights
  26 ironbound convokers
  An anaconda skeleton (WizLab)
  13 phantasmal warriors
  38 deep elf zephyrmancers
  44 ugly things
  27 deep elf pyromancers
  6 mana vipers
  9 orc sorcerers
  3 worldbinders (WizLab)
  An oklob plant (Lair:4)
  10 cyclopes
  3 fauns
  16 salamanders
  24 black mambas
  26 elephants
  10 manticores
  An ice statue (Lair:4)
  15 vault sentinels
  5 guardian serpents (Snake:4)
  8 moths of wrath (Zot:1)
  8 naga magi
  9 water nymphs (Shoals:4)
  A rust devil (Depths:2)
  A smoke demon (Depths:2)
  10 merfolk sirens
  3 torpor snails (Lair:5)
  A gargoyle (D:12)
  A centaur skeleton (D:15)
  17 cane toads
  2 unseen horrors
  7 rime drakes
  An orange demon (D:9)
  2 freezing wraiths
  13 komodo dragons
  An efreet (WizLab)
  34 yaktaurs
  A yaktaur zombie (Vaults:3)
  An ancient zyme (WizLab)
  34 merfolk
  3 hellwings
  2 polar bears
  4 trolls
  A troll (shapeshifter) (D:14)
  13 wind drakes
  A harpy skeleton (D:15)
  A blink frog (shapeshifter) (D:13)
  A raiju (WizLab)
  An ettin zombie (Vaults:4)
  A frost giant simulacrum (Vaults:4)
  24 blink frogs
  Sigmund (D:4)
  14 dream sheep
  5 hornets
  A jumping spider (Vaults:2)
  10 snapping turtles
  An elf zombie (Vaults:4)
  37 slime creatures
  A shadow (D:11)
  3 spriggans (Depths:2)
  5 air elementals
  41 water elementals
  A vampire (D:11)
  7 wraiths
  6 wyverns
  A chaos spawn (Depths:4)
  A wyvern (shapeshifter) (Vaults:5)
  49 yaks
  8 basilisks
  A fire elemental (Elf:2)
  3 redbacks (Vaults:4)
  Grum (D:9)
  An elf skeleton (Vaults:3)
  2 wargs (Orc:2)
  4 steam dragons
  A spatial vortex (WizLab)
  30 nagas
  A spectral cane toad (Lair:1)
  2 human zombies (Vaults:3)
  A swamp worm (shapeshifter) (Vaults:5)
  A glowing shapeshifter zombie (Vaults:4)
  A hydra simulacrum (Lair:1)
  14 water moccasins
  A floating eye (Depths:4)
  4 acid dragons
  A swamp drake (Lair:5)
  36 orc warriors
  A hornet zombie (D:15)
  2 ice beasts
  A black mamba simulacrum (Lair:1)
  19 wolves
  A boulder beetle simulacrum (Lair:1)
  9 ogres
  A boggart (Elf:1)
  15 centaurs
  3 phantoms
  An elf simulacrum (Vaults:4)
  6 kobold brigands
  11 bullfrogs
  An earth elemental (Elf:1)
  3 gnoll sergeants
  A cane toad simulacrum (Lair:1)
  4 scorpions
  3 wights (D:10)
  2 small abominations (WizLab)
  A dream sheep simulacrum (Lair:1)
  A killer bee (D:8)
  3 howler monkeys
  An electric eel (Elf:3)
  9 hounds
  6 jellies
  4 gnoll boudas
  17 orc priests
  Jessica (D:3)
  13 iguanas
  20 orc wizards
  Robin (D:3)
  12 adders
  31 gnolls
  2 river rats (Sewer)
  2 shadow imps
  4 white imps
  4 dart slugs
  113 orcs
  11 endoplasms
  4 giant cockroaches
  11 goblins (D:3)
  7 hobgoblins
  A jackal (shapeshifter) (Elf:1)
  2 jackals (D:10)
  40 kobolds
  2 quokkas
  13 ball pythons
  3 bats (D:1)
  2 frilled lizards
  7 rats
  3 lurking horrors
2004 creatures vanquished.

Vanquished Creatures (others)
  A wizard (Vaults:2)
  23 fungi
  66 plants
  8 tentacles
98 creatures vanquished.

Grand Total: 2102 creatures vanquished

Notes
Turn   | Place    | Note
-------+----------+-------------------------------------------
     0 | D:1      | cheesebisquit the Gargoyle Earth Elementalist began the
                  | quest for the Orb.
     0 | D:1      | Reached XP level 1. HP: 10/10 MP: 3/3
    73 | D:1      | Reached skill level 4 in Earth Magic
    83 | D:1      | Reached XP level 2. HP: 15/15 MP: 0/5
   442 | D:1      | Reached XP level 3. HP: 19/19 MP: 0/6
   588 | D:1      | Found a faded altar of an unknown god.
  1139 | D:2      | Reached skill level 5 in Earth Magic
  1614 | D:3      | Reached XP level 4. HP: 24/24 MP: 6/8
  1658 | D:3      | Found a burning altar of Makhleb.
  1658 | D:3      | Noticed a green death
  1963 | D:3      | Reached skill level 6 in Earth Magic
  1963 | D:3      | Reached XP level 5. HP: 28/28 MP: 7/9
  2166 | D:3      | Noticed Robin
  2187 | D:3      | Noticed Jessica
  2188 | D:3      | Killed Robin
  2190 | D:3      | Killed Jessica
  2191 | D:3      | Reached XP level 6. HP: 19/32 MP: 6/11
  2583 | D:4      | Found a staircase to the Ecumenical Temple.
  2586 | D:4      | Reached skill level 7 in Earth Magic
  2603 | Temple   | Entered the Ecumenical Temple
  2812 | D:4      | Noticed Sigmund
  2843 | D:4      | Killed Sigmund
  2844 | D:4      | Reached skill level 8 in Earth Magic
  2844 | D:4      | Reached XP level 7. HP: 34/36 MP: 10/13
  2862 | D:4      | Found a white marble altar of Elyvilon.
  2938 | D:4      | Found a glowing golden altar of the Shining One.
  3009 | D:4      | Learned a level 3 spell: Stone Arrow
  3012 | D:4      | Learned a level 2 spell: Passwall
  3017 | D:4      | Learned a level 4 spell: Petrify
  3033 | D:4      | Found Xiuneri's Antique Armour Shop.
  3037 | D:4      | Bought a cloak for 90 gold pieces
  3175 | D:5      | Entered Level 5 of the Dungeon
  3311 | D:5      | Reached skill level 9 in Earth Magic
  3521 | D:5      | Reached skill level 5 in Spellcasting
  3521 | D:5      | Reached XP level 8. HP: 41/41 MP: 15/15
  3819 | D:5      | Found a one-way gate to the infinite horrors of the Abyss.
  3828 | D:5      | Found a corrupted altar of Lugonu.
  3895 | D:5      | Reached skill level 10 in Earth Magic
  3900 | D:5      | Identified 2 scrolls of acquirement
  3900 | D:5      | Acquired the +3 pair of seven-league boots {Rampage+∞}
  3900 | D:5      | Found the +3 pair of seven-league boots {Rampage+∞}
  3907 | D:5      | Acquired the +0 staff of Battle
  3907 | D:5      | Found the +0 staff of Battle
  3915 | D:5      | Learned a level 3 spell: Dazzling Flash
  3920 | D:5      | Learned a level 4 spell: Iskenderun's Mystic Blast
  4175 | D:6      | Reached skill level 1 in Fighting
  4175 | D:6      | Reached skill level 1 in Conjurations
  4190 | D:6      | Reached skill level 1 in Staves
  4194 | D:6      | Found a sacrificial altar of Ru.
  4374 | D:6      | Acquired the +0 cloak of Fuitwucaw {Fly Dex+3}
  4663 | D:6      | Found a glowing drain.
  4670 | Sewer    | Entered a sewer
  4889 | Sewer    | Reached XP level 9. HP: 48/48 MP: 15/17
  4979 | D:6      | Found a hazy altar of Hepliaklqana.
  5127 | D:7      | Found an ornate altar of the Wu Jian Council.
  5184 | D:7      | Reached skill level 11 in Earth Magic
  5307 | D:7      | Found a basalt altar of Yredelemnul.
  5334 | D:7      | Found a radiant altar of Vehumet.
  5338 | D:7      | Became a worshipper of Vehumet
  5344 | D:7      | Found a shimmering altar of Xom.
  5348 | D:7      | Found a broken altar of Ashenzari.
  5354 | D:7      | Found a glowing silver altar of Zin.
  6241 | D:8      | Reached * piety under Vehumet
  6241 | D:8      | Offered knowledge of Kiss of Death by Vehumet.
  6386 | D:8      | Reached skill level 12 in Earth Magic
  6675 | D:8      | Learned a level 1 spell: Kiss of Death
  6678 | D:8      | Learned a level 2 spell: Static Discharge
  6689 | D:8      | Found a runed translucent door.
  6690 | D:8      | Noticed asti's ghost (novice MiFi)
  6817 | D:8      | Reached XP level 10. HP: 57/57 MP: 19/19
  6869 | D:8      | Found a stormy altar of Qazlal.
  7788 | D:8      | Found a blossoming altar of Fedhas.
  8299 | D:9      | Noticed Amaemon
  8299 | D:9      | Noticed an orange demon
  8301 | D:9      | Killed an orange demon
  8320 | D:9      | Killed Amaemon
  8321 | D:9      | Reached skill level 5 in Fighting
  8321 | D:9      | Reached skill level 5 in Conjurations
  8398 | D:9      | Offered knowledge of Shock by Vehumet.
  8401 | D:9      | Learned a level 1 spell: Shock
  8426 | D:9      | Found a shadowy altar of Dithmenos.
  8446 | D:9      | Reached ** piety under Vehumet
  8618 | D:9      | Found a staircase to the Lair.
  8618 | D:9      | Found Netih's Magic Scroll Emporium.
  8620 | D:9      | Noticed Grum
  8621 | D:9      | Reached skill level 13 in Earth Magic
  8626 | D:9      | Killed Grum
  8627 | D:9      | Reached skill level 5 in Staves
  8665 | D:9      | Bought a scroll of fog for 44 gold pieces
  8665 | D:9      | Bought a scroll of identify for 22 gold pieces
  8665 | D:9      | Bought a scroll of teleportation for 33 gold pieces
  8665 | D:9      | Bought a scroll of magic mapping for 82 gold pieces
  8665 | D:9      | Bought a scroll of identify for 22 gold pieces
  8807 | D:9      | Noticed Erolcha
  8812 | D:9      | Killed Erolcha
  8870 | D:9      | Reached XP level 11. HP: 64/64 MP: 17/21
  9129 | D:10     | Entered Level 10 of the Dungeon
  9129 | D:10     | Noticed a two-headed ogre
  9154 | D:10     | Noticed Urug
  9158 | D:10     | Killed Urug
  9271 | D:10     | Noticed a two-headed ogre
  9277 | D:10     | Killed a two-headed ogre
  9505 | D:10     | Offered knowledge of Poisonous Vapours by Vehumet.
  9581 | D:10     | Killed a two-headed ogre
  9581 | D:10     | Reached *** piety under Vehumet
  9582 | D:10     | Reached skill level 14 in Earth Magic
  9655 | D:10     | Found Ixyihyf's CLEARANCE SALE!.
  9663 | D:10     | Bought the +2 pair of gloves of Uviud {rPois} for 102 gold
                  | pieces
  9792 | D:10     | Found Wuxasuoffa's Armour Boutique.
  9958 | D:4      | Bought a glowing kite shield for 150 gold pieces
 10107 | D:9      | Bought a scroll of poison for 44 gold pieces
 10226 | D:8      | Killed asti's ghost
 10227 | D:8      | Reached skill level 1 in Shields
 10373 | D:10     | Found a staircase to the Orcish Mines.
 10618 | D:10     | Offered knowledge of Inner Flame by Vehumet.
 10795 | D:11     | Noticed a two-headed ogre
 10800 | D:11     | Killed a two-headed ogre
 10822 | D:11     | Noticed a two-headed ogre
 10824 | D:11     | Killed a two-headed ogre
 10874 | D:11     | Identified the ring of Panentheism {rPois Will+ Str-4
                  | Dex+8}
 10885 | D:11     | Noticed a two-headed ogre
 10894 | D:11     | Killed a two-headed ogre
 10895 | D:11     | Reached XP level 12. HP: 48/72 MP: 3/24
 11200 | D:11     | Got Beginning Spellwork
 11353 | D:11     | Found a bloodstained altar of Trog.
 11367 | D:11     | Reached **** piety under Vehumet
 11548 | D:12     | Offered knowledge of Lee's Rapid Deconstruction by Vehumet.
 11555 | D:12     | Learned a level 5 spell: Lee's Rapid Deconstruction
 12466 | Lair:1   | Entered Level 1 of the Lair of Beasts
 12686 | Lair:1   | Noticed Erica
 12694 | Lair:1   | Killed Erica
 12695 | Lair:1   | Reached skill level 5 in Shields
 12854 | Lair:1   | Noticed a catoblepas
 12863 | Lair:1   | Killed a catoblepas
 12905 | Lair:1   | Found a runed translucent gate.
 12907 | Lair:1   | Found a runed translucent gate.
 12907 | Lair:1   | Found a runed translucent gate.
 13123 | Lair:1   | Noticed Nabski's ghost (novice TeFE)
 13430 | Lair:2   | Reached skill level 15 in Earth Magic
 13433 | Lair:2   | Found a staircase to the Snake Pit.
 13890 | Lair:2   | Reached ***** piety under Vehumet
 13891 | Lair:2   | Reached XP level 13. HP: 79/79 MP: 23/26
 14304 | Lair:3   | Offered knowledge of Olgreb's Toxic Radiance by Vehumet.
 14635 | Lair:3   | Noticed Snorg
 14641 | Lair:3   | Killed Snorg
 14875 | Lair:3   | Found a staircase to the Shoals.
 15199 | Lair:3   | Gained mutation: Your large and strong wings let you fly.
                  | [Gargoyle growth]
 15199 | Lair:3   | Reached XP level 14. HP: 77/87 MP: 7/27
 15585 | Lair:3   | Learned a level 8 spell: Lehudib's Crystal Spear
 15639 | Lair:4   | Found a viscous altar of Jiyva.
 15639 | Lair:4   | Found a staircase to the Slime Pits.
 15669 | Lair:4   | Reached skill level 16 in Earth Magic
 15727 | Lair:4   | Reached skill level 10 in Fighting
 15727 | Lair:4   | Reached skill level 10 in Conjurations
 15738 | Lair:4   | Reached skill level 10 in Spellcasting
 15914 | Lair:4   | Found a transporter.
 15983 | Lair:4   | Noticed Newt's ghost (journeyman KoHu)
 15992 | Lair:4   | Found a transporter.
 16017 | Lair:4   | Offered knowledge of Eringya's Noxious Bog by Vehumet.
 16743 | Lair:5   | Entered Level 5 of the Lair of Beasts
 17169 | Lair:4   | Found a transporter.
 17289 | Lair:4   | Found a staircase to the Slime Pits.
 17289 | Lair:4   | Found a viscous altar of Jiyva.
 17329 | Lair:4   | Found a transporter.
 18137 | Lair:5   | Reached skill level 17 in Earth Magic
 18307 | Lair:5   | Reached XP level 15. HP: 92/92 MP: 15/29
 18514 | Lair:5   | Identified the +3 robe "Lonle" {-Tele rPois Int+2}
 18903 | Lair:5   | Noticed Sonja
 18912 | Lair:5   | Killed Sonja
 19017 | Lair:5   | HP: 1/92 [fire dragon/blast of flame (29)]
 19165 | Lair:5   | Offered knowledge of Ozocubu's Refrigeration by Vehumet.
 19187 | Lair:5   | Reached skill level 18 in Earth Magic
 19404 | Orc:1    | Entered Level 1 of the Orcish Mines
 19551 | Orc:1    | Found an iron altar of Okawaru.
 19723 | Orc:1    | Reached skill level 15 in Conjurations
 19880 | Orc:2    | Entered Level 2 of the Orcish Mines
 20129 | Orc:2    | Found a staircase to the Elven Halls.
 20374 | Orc:2    | Found Weckyrph's Armour Boutique.
 20519 | Orc:2    | Noticed Saint Roka
 20958 | Orc:2    | Found Hilut's Antique Weapon Boutique.
 21228 | Orc:2    | Killed Saint Roka
 21312 | Orc:2    | Found Mueg's Antique Armour Shop.
 21499 | Orc:2    | Found Mebastytt's Assorted Antiques.
 21505 | Orc:2    | Bought a pair of embroidered gloves for 202 gold pieces
 21638 | Orc:2    | Bought a wand of charming (3) for 194 gold pieces
 21638 | Orc:2    | Bought a scroll of teleportation for 81 gold pieces
 21638 | Orc:2    | Bought a potion of haste for 270 gold pieces
 21638 | Orc:2    | Bought a potion of invisibility for 216 gold pieces
 21638 | Orc:2    | Bought 2 potions of mutation for 432 gold pieces
 21760 | Lair:1   | HP: 4/92 [black mamba simulacrum (18)]
 22048 | Lair:1   | Killed Nabski's ghost
 22743 | D:13     | Offered knowledge of Fireball by Vehumet.
 22971 | D:13     | Identified the +0 robe of Typivipruy {rC+}
 23053 | D:13     | Found a shimmering altar of Xom.
 23055 | D:13     | Found a shimmering altar of Xom.
 23055 | D:13     | Found a shimmering altar of Xom.
 23056 | D:13     | Found a shimmering altar of Xom.
 23056 | D:13     | Found a shimmering altar of Xom.
 23056 | D:13     | Found a shimmering altar of Xom.
 23056 | D:13     | Found a shimmering altar of Xom.
 23057 | D:13     | Found a shimmering altar of Xom.
 23111 | D:13     | Found a gate to the Vaults.
 23319 | D:13     | Reached XP level 16. HP: 97/97 MP: 30/30
 23620 | D:14     | Noticed Louise
 23638 | D:14     | Killed Louise
 23638 | D:14     | Reached ****** piety under Vehumet
 23693 | D:14     | Noticed Josephine
 23697 | D:14     | Killed Josephine
 23720 | D:14     | Reached skill level 19 in Earth Magic
 23921 | D:14     | Found Bopept's Distillery.
 23931 | D:14     | Bought a potion of heal wounds for 70 gold pieces
 23931 | D:14     | Bought 2 potions of brilliance for 112 gold pieces
 24457 | D:14     | Noticed Agnes
 24462 | D:14     | Killed Agnes
 24605 | D:14     | Bought a potion of brilliance for 56 gold pieces
 24877 | D:15     | Entered Level 15 of the Dungeon
 26063 | D:15     | Found a staircase to the Depths.
 26143 | D:15     | Found a runed translucent door.
 26175 | D:15     | Reached XP level 17. HP: 102/102 MP: 31/31
 26765 | D:15     | Reached skill level 20 in Earth Magic
 27506 | D:15     | Found a staircase to the Depths.
 27964 | Snake:1  | Entered Level 1 of the Snake Pit
 28058 | Snake:1  | Found Yceyxysagu's Magic Scroll Shoppe.
 28058 | Snake:1  | Found Juugodum's Antique Armour Emporium.
 28111 | Snake:1  | Noticed Aizul
 28114 | Snake:1  | Killed Aizul
 28119 | Snake:1  | Bought a scroll of blinking for 82 gold pieces
 28119 | Snake:1  | Bought a scroll of teleportation for 33 gold pieces
 28119 | Snake:1  | Bought a scroll of fear for 44 gold pieces
 28119 | Snake:1  | Bought a scroll of identify for 22 gold pieces
 28861 | Snake:2  | Learned a level 5 spell: Fireball
 28881 | Snake:2  | Offered knowledge of Conjure Ball Lightning by Vehumet.
 29280 | Snake:2  | Reached skill level 1 in Armour
 30021 | Snake:3  | Reached XP level 18. HP: 108/108 MP: 23/32
 30312 | Snake:3  | Found a bloodstained altar of Trog.
 30698 | Snake:4  | Entered Level 4 of the Snake Pit
 31265 | Snake:4  | Identified the +2 shortbow of the Holding Gods {antimagic,
                  | +Blink rN+ Int-4 Dex+4}
 31463 | Snake:4  | Acquired the +1 tower shield "Vetz" {Rampage +Blink Dex+4
                  | Stlth+}
 31514 | Snake:4  | Noticed Asterion
 31519 | Snake:4  | Killed Asterion
 31677 | Snake:4  | Reached skill level 10 in Shields
 31786 | Snake:4  | Offered knowledge of Iron Shot by Vehumet.
 32226 | Snake:4  | Noticed Vashnia
 32255 | Snake:4  | Killed Vashnia
 32312 | Snake:4  | Learned a level 6 spell: Iron Shot
 32625 | Snake:4  | Got a serpentine rune of Zot
 32853 | Shoals:1 | Entered Level 1 of the Shoals
 32853 | Shoals:1 | Found Iduupuqe's Assorted Antiques.
 33167 | Shoals:1 | Reached XP level 19. HP: 113/113 MP: 9/34
 34214 | Shoals:2 | Found Hyidus's Distillery.
 34600 | Shoals:3 | Offered knowledge of Spellforged Servitor by Vehumet.
 34863 | Shoals:3 | Reached skill level 1 in Evocations
 35956 | Shoals:4 | Entered Level 4 of the Shoals
 35956 | Shoals:4 | Found a burning altar of Makhleb.
 35959 | Shoals:4 | Reached skill level 10 in Staves
 36122 | Shoals:4 | Identified the +1 leather armour "Izauxuji" {rN+}
 36802 | Shoals:4 | Found a shimmering blue altar of Sif Muna.
 37019 | Shoals:2 | Bought a potion of experience for 650 gold pieces
 37022 | Shoals:2 | Reached XP level 20. HP: 120/120 MP: 35/35
 37298 | Shoals:4 | Reached skill level 5 in Armour
 37477 | Shoals:4 | Identified the +6 flail "Xaesuc" {flame, SInv}
 37485 | Shoals:4 | Offered knowledge of Chain Lightning by Vehumet.
 37485 | Shoals:4 | Offered knowledge of Polar Vortex by Vehumet.
 37485 | Shoals:4 | Offered knowledge of Ignition by Vehumet.
 37870 | Shoals:4 | Got a barnacled rune of Zot
 38282 | Shoals:4 | Reached skill level 21 in Earth Magic
 39125 | Shoals:4 | Found a shimmering blue altar of Sif Muna.
 39177 | Shoals:4 | Found a burning altar of Makhleb.
 39619 | Lair:4   | Killed Newt's ghost
 39891 | Vaults:1 | Entered Level 1 of the Vaults
 40185 | Vaults:1 | Reached XP level 21. HP: 125/125 MP: 5/36
 40359 | Vaults:1 | HP: 4/119 [shadow dragon/bolt of negative energy (24)]
 40900 | Vaults:1 | Reached skill level 5 in Dodging
 41453 | Vaults:1 | Identified the ring of Ohepluall {rN+ AC+4 Str-3 Dex+3}
 42524 | Vaults:2 | Noticed Xtahua
 42529 | Vaults:2 | Killed Xtahua
 43123 | Vaults:2 | Found Lecog's Armour Emporium.
 43318 | Vaults:2 | Reached skill level 5 in Evocations
 43741 | Vaults:2 | Found a staircase to the Crypt.
 44168 | Vaults:3 | Found a flickering gateway to a bazaar.
 44177 | Bazaar   | Entered a bazaar
 44178 | Bazaar   | Found Usyul's General Store.
 44178 | Bazaar   | Found Akleg's Antique Weapon Emporium.
 44179 | Bazaar   | Found Jiuceitisch's General Store.
 44210 | Bazaar   | Found Woginu Heco's Antique Armour Boutique.
 44229 | Bazaar   | Bought a scroll of teleportation for 36 gold pieces
 44229 | Bazaar   | Bought a scroll of magic mapping for 90 gold pieces
 44240 | Bazaar   | Bought a wand of charming (4) for 96 gold pieces
 44538 | Vaults:3 | Reached skill level 15 in Shields
 44561 | Vaults:3 | Found the +2 cloak of the Thief {*Fog Slay-2 SInv Stlth+}
 44870 | Vaults:3 | Found a runed translucent door.
 44870 | Vaults:3 | Found a shimmering altar of Xom.
 44870 | Vaults:3 | Noticed Leriaza's ghost (veteran DsVM)
 44870 | Vaults:3 | Identified the +3 glaive "Bazu" {chaos, rPois Will+}
 44904 | Vaults:3 | Reached XP level 22. HP: 133/133 MP: 1/38
 47319 | Vaults:4 | Identified the +6 mace of Suisef {venom, rElec Stlth+}
 47717 | Elf:1    | Entered Level 1 of the Elven Halls
 47723 | Elf:1    | Reached skill level 22 in Earth Magic
 48000 | Elf:1    | Found Peext's General Store.
 48005 | Elf:1    | Bought 2 atropa-tipped darts for 19 gold pieces
 48005 | Elf:1    | Bought a potion of invisibility for 88 gold pieces
 48005 | Elf:1    | Bought a scroll of teleportation for 33 gold pieces
 49215 | Snake:1  | Bought a pair of glowing gloves for 292 gold pieces
 49485 | Elf:2    | Reached XP level 23. HP: 140/140 MP: 24/39
 49497 | Elf:2    | Paralysed by an air elemental for 1 turns
 49592 | Elf:2    | Found a magical portal.
 49614 | WizLab   | Entered The Roulette of Golubria
 49614 | WizLab   | Found a transporter.
 49617 | WizLab   | Found a corrupted altar of Lugonu.
 49656 | WizLab   | Found a corrupted altar of Lugonu.
 49662 | WizLab   | Found a transporter.
 49740 | WizLab   | Found a transporter.
 49744 | WizLab   | Found a transporter.
 49777 | WizLab   | Found a transporter.
 49810 | WizLab   | Found the +1 cloak of Starlight {*Dazzle EV+4 Stlth--}
 49834 | WizLab   | Found a transporter.
 49899 | WizLab   | Found a transporter.
 50007 | WizLab   | Found a transporter.
 50085 | WizLab   | Found a transporter.
 50121 | WizLab   | Found a transporter.
 50149 | WizLab   | Found a transporter.
 50154 | WizLab   | Found a corrupted altar of Lugonu.
 50275 | WizLab   | Found a transporter.
 50275 | WizLab   | Found a transporter.
 50321 | WizLab   | Found a transporter.
 50321 | WizLab   | Found a transporter.
 50370 | WizLab   | Found a transporter.
 50370 | WizLab   | Found a transporter.
 50418 | WizLab   | Got Sif Muna's Folio of the Tesseract
 50426 | WizLab   | Found a transporter.
 50426 | WizLab   | Found a transporter.
 50581 | WizLab   | Got Golubria's Octavo of Dislocation
 50585 | WizLab   | Identified the +1 cloak of the Lumpy Bounties {rElec rPois}
 50619 | WizLab   | Found a transporter.
 51732 | Elf:2    | Found a huge runed translucent gate.
 51732 | Elf:2    | Found a huge runed translucent gate.
 51732 | Elf:2    | Found a huge runed translucent gate.
 51732 | Elf:2    | Found a huge runed translucent gate.
 51735 | Elf:2    | Found a huge runed translucent gate.
 51840 | Elf:3    | Entered Level 3 of the Elven Halls
 52428 | Elf:3    | Learned a level 3 spell: Hailstorm
 52491 | Elf:3    | Found Laje's Jewellery Shoppe.
 53026 | Elf:3    | Paralysed by an air elemental for 1 turns
 53572 | Elf:3    | Identified the +0 cloak of the Muttering Gods {Dex+4}
 53576 | Elf:3    | Identified the +6 war axe of Slow Death {venom, Will+}
 53607 | Elf:3    | Identified the +3 flail of Tenacity {speed, rF+}
 53790 | Elf:3    | Reached skill level 10 in Armour
 53860 | Elf:3    | Got the Folio of Xenomorphic Last Rites
 53875 | Elf:3    | Identified the +1 chain mail of the Saviour {Int+4}
 55662 | Vaults:3 | Killed Leriaza's ghost
 55858 | Depths:1 | Entered Level 1 of the Depths
 56272 | Depths:1 | Found an ornate altar of the Wu Jian Council.
 56427 | Depths:1 | Found a stormy altar of Qazlal.
 56479 | Depths:1 | Found a portal to a secret trove of treasure.
 56539 | Depths:1 | Found a gateway to Hell.
 56584 | Depths:1 | Reached XP level 24. HP: 148/148 MP: 36/40
 56589 | Depths:1 | Found a one-way gateway to a ziggurat.
 56977 | Depths:2 | Noticed a juggernaut
 56987 | Depths:2 | Killed a juggernaut
 56992 | Depths:2 | Noticed a caustic shrike
 57000 | Depths:2 | Killed a caustic shrike
 58115 | Depths:2 | Found an opulent altar of Gozag.
 58192 | Depths:2 | Acquired 783 gold pieces
 58210 | Depths:2 | Found a one-way gate leading to the halls of Pandemonium.
 58335 | Depths:2 | Found a runed translucent door.
 58335 | Depths:2 | Noticed a juggernaut
 58337 | Depths:2 | Found a runed translucent door.
 58339 | Depths:2 | Found a runed translucent door.
 58521 | Depths:2 | Found Big Baal Hell's Store.
 58617 | Depths:2 | Identified the amulet "Jimac" {Reflect Fragile +Inv Slay+4
                  | SH+5 Stlth-}
 58631 | Depths:2 | Identified the ring "Lafetet" {rPois rF+ rCorr Slay+3
                  | Stlth+}
 58637 | Depths:2 | Identified the ring of Past Mistakes {Ice rCorr Dex+2}
 58639 | Depths:2 | Identified the ring of Fragile Peace {Fire Dex+3}
 58903 | Depths:3 | Noticed Frederick
 58907 | Depths:3 | Killed Frederick
 59084 | Depths:3 | Noticed a juggernaut
 59085 | Depths:3 | Noticed a juggernaut
 59086 | Depths:3 | Noticed an ancient lich
 59122 | Depths:3 | Killed a juggernaut
 59470 | Depths:3 | Killed an ancient lich
 59503 | Depths:3 | Reached skill level 23 in Earth Magic
 59672 | Depths:3 | Killed a juggernaut
 60050 | Depths:3 | You are sucked into a shaft and drop 1 floor!
 60050 | Depths:4 | Entered Level 4 of the Depths
 60779 | Depths:3 | Reached skill level 15 in Fighting
 61099 | Depths:3 | Reached XP level 25. HP: 127/155 MP: 11/41
 63462 | Depths:4 | Found a broken altar of Ashenzari.
 63595 | Depths:4 | Found a gate to the Realm of Zot.
 63597 | Depths:4 | Identified the +5 hand axe "Hydrabane" {drain, rPois rF-
                  | rC++ MP+9}
 64720 | Shoals:2 | Bought a potion of curing for 39 gold pieces
 64720 | Shoals:2 | Bought a potion of heal wounds for 65 gold pieces
 64720 | Shoals:2 | Bought a potion of cancellation for 104 gold pieces
 64953 | D:14     | Bought a potion of resistance for 140 gold pieces
 64953 | D:14     | Bought a potion of brilliance for 56 gold pieces
 65092 | Shoals:1 | Bought a scroll of magic mapping for 202 gold pieces
 65092 | Shoals:1 | Bought a potion of brilliance for 108 gold pieces
 65370 | Vaults:5 | Entered Level 5 of the Vaults
 65380 | Vaults:5 | Noticed an ancient lich
 65385 | Vaults:5 | Reached skill level 10 in Evocations
 65836 | Vaults:5 | Reached skill level 10 in Dodging
 66208 | Vaults:5 | Noticed an ancient lich
 66211 | Vaults:5 | Killed an ancient lich
 66212 | Vaults:5 | Reached XP level 26. HP: 163/163 MP: 29/41
 66374 | Vaults:5 | Got a silver rune of Zot
 66699 | Vaults:5 | Killed an ancient lich
 66750 | Vaults:5 | Reached skill level 15 in Spellcasting
 67129 | Vaults:5 | Identified the +8 chain mail of Integrity {Fly Regen+
                  | Dex-5}
 67153 | Vaults:5 | Noticed an ancient lich
 67165 | Vaults:5 | Killed an ancient lich
 67446 | Vaults:5 | Identified the +1 arbalest of Oclataru {drain, Str+3}
 67698 | Vaults:5 | Identified the +3 mace "Ibiasch" {spect, rPois Will- Dex+5}
 68130 | Vaults:5 | Identified the +5 dagger "Ocsi" {flame, rF+ rC+}
 68996 | Vaults:5 | Identified the ring of Feciedaw {rN+ Dex+6}
 69105 | Vaults:5 | Found Unial's Antique Armour Emporium.
 69665 | Zot:1    | Entered Level 1 of the Realm of Zot
 69697 | Zot:1    | Reached skill level 24 in Earth Magic
 70115 | Zot:1    | Found a transporter.
 70147 | Zot:1    | Noticed an orb of fire
 70160 | Zot:1    | Gained mutation: Your body sometimes deteriorates upon
                  | taking damage. [an orb of fire]
 70164 | Zot:1    | Gained mutation: You occasionally lose the ability to read
                  | scrolls when taking damage. [an orb of fire]
 70165 | Zot:1    | Gained mutation: You are weak. (Str -2) [an orb of fire]
 70167 | Zot:1    | Gained mutation: You are very weak. (Str -4) [an orb of
                  | fire]
 70169 | Zot:1    | Gained mutation: You are frail. (-10% HP) [an orb of fire]
 70177 | Zot:1    | Gained mutation: You sometimes lose the ability to read
                  | scrolls when taking damage. [an orb of fire]
 70178 | Zot:1    | Gained mutation: You occasionally lose the ability to drink
                  | potions when taking damage. [an orb of fire]
 70179 | Zot:1    | Killed an orb of fire
 71425 | Zot:1    | Found a transporter.
 71769 | Zot:1    | Noticed an orb of fire
 71774 | Zot:1    | Killed an orb of fire
 72292 | Zot:2    | Killed from afar by a red draconian scorcher

Illustrated notes

Levels and vault maps discovered:
D:1:      heliophobic_arrival_glass_houses, layout_rooms,
          nicolae_ecumenical_snake_handling
D:2:      layout_loops_ring
D:3:      layout_loops_ring, makhleb_altar_promises_db, minmay_pentangle,
          uniq_robin, uniq_jessica
D:4:      layout_rooms, mainiacjoe_overflow_brackets, elyvilon_altar_3,
          minmay_temple_entry_arrows, serial_shops, nicolae_shop_behind_doors,
          uniq_sigmund
D:5:      layout_cave_pools, amcnicky_altar_lugonu_corruption
D:6:      layout_basic, hangedman_ru_absence, nzn_hepliaklqana_mist_gate,
          portal_sewer_entry_d, grunt_ministairs_9
D:7:      layout_basic, nicolae_overflow_crystal_walls, kennysheep_little_box,
          grunt_temple_overflow_cloverleaf, roderic_lattice_a
D:8:      layout_layer_cave, fedhas_altar_4, mainiacjoe_overflow_catwalk,
          ebering_ghost_reflecting_pool, minmay_puff
D:9:      layout_basic, mainiacjoe_overflow_alcove_2, lair_entry_dummy,
          serial_shops, nicolae_shop_hallway_plus, serial_curves,
          eino_curves_02, eino_curves_04, uniq_grum, uniq_amaemon, uniq_erolcha
D:10:     layout_cave_pools, david_orc_2, serial_gnoll_camp,
          gnoll_camp_mini_sergeant, gnoll_camp_mini_house,
          gnoll_camp_mini_doghouse, gnoll_camp_mini_house, gnoll_camp_mini_shop,
          nicolae_shop_clearance, uniq_urug
D:11:     layout_irregular_city, trog_butcher_becter
D:12:     layout_loops_corners
D:13:     layout_loops_ring, erik_vaults_2, xom_shifter_show
D:14:     layout_roguey, serial_shops, nicolae_shop_stone,
          hangedman_decor_slide_cut, uniq_josephine, uniq_louise, uniq_agnes
D:15:     grunt_enter_depths_magical_seal, layout_stronghold,
          serial_bayou_shore_b, lightli_church_of_beogh
Temple:   hellmonk_temple_beads
Lair:1:   layout_roguey, gammafunk_ghost_necromancy,
          infiniplex_staircase_pool_2, uniq_erica
Lair:2:   layout_chaotic_city, minmay_snake_entry_guardpost_small,
          beast_lair_carwin_7, grunt_megastairs_2, serial_bayou_shore_a
Lair:3:   layout_cave_pods, minmay_shoals_entry_beasts, uniq_snorg
Lair:4:   beast_lair_carwin_large_4, layout_concentric_octagons,
          nicolae_slime_entry_slimehenge, nzn_ghost_randoct,
          nicolae_quartered_pool_little, lemuel_fruit_tree
Lair:5:   hangedman_lair_in_review, layout_loops_ring, guppyfry_lair_end_dragon,
          ldierk_geyser, uniq_sonja
Shoals:1: layout_shoals, serial_shops, shop
Shoals:2: layout_shoals, serial_shops, shop
Shoals:3: layout_shoals
Shoals:4: shoals_end_hellmonk_storm_palace [storm_palace_center_ruins,
          storm_palace_corner_altar, storm_palace_corner_altar,
          storm_palace_corner_pillars, storm_palace_corner_reverse_hut]
Snake:1:  layout_concentric_octagons, minmay_shoptagon, uniq_aizul
Snake:2:  layout_chambers
Snake:3:  layout_cave_shapes, basic_altar
Snake:4:  grunt_snake_rune_serpentine_throne, layout_cave_town, uniq_asterion
Orc:1:    layout_diamond_mine, okawaru_metal_pillars_1_2
Orc:2:    grunt_orc_community_town_hall, layout_caves,
          grunt_orc_community_big_house_2, grunt_orc_community_big_house_2,
          grunt_orc_community_house_2, grunt_orc_community_house_2,
          grunt_orc_community_house_3, grunt_orc_community_house_3,
          grunt_orc_community_house_1, grunt_orc_community_house_1
Elf:1:    nicolae_elf_arrival_fired_up, layout_geoelf_diagonals, serial_shops,
          nicolae_shop_competitors_out_of_business, hangedman_elf_disciples,
          billiards_dpeg
Elf:2:    elven_hall_of_blades_hangedman_alternative [nicolae_blade_lattice],
          layout_gridlike, lightli_enter_wizlab_magi_temple,
          amcnicky_mini_rare_corridor_liquid
Elf:3:    elf_hall_gauntlet_wide, layout_loops_corners, serial_shops,
          nicolae_shop_waterfront
Vaults:1: v_misc_3, nicolae_vaults_mini_display_case,
          nicolae_vaults_twisting_passages, grunt_vaults_swirl,
          nicolae_vaults_little_squares_1, hangedman_vaults_slice, v_misc_22,
          hangedman_vaults_variations, ontoclasm_vaults_ring_small, v_misc_13,
          nicolae_vaults_hallways_thing, vaults_dpeg_diagonal, st_eye,
          layout_vaults_maze
Vaults:2: hangedman_vaults_river_flow, ontoclasm_vaults_bender,
          ontoclasm_vaults_ligature, v_rooms_2, vaults_room_door_hall,
          vaults_room_guarded_vault, ontoclasm_vaults_twist,
          hangedman_vaults_snaps, layout_vaults_quadrants,
          minmay_crypt_entry_simple_round, serial_shops, shop, uniq_xtahua
Vaults:3: ebering_ghost_xom, dpeg_vaults_monster_box, vaults_room_fours,
          hangedman_vaults_hat, v_misc_33, hangedman_vaults_restitches,
          ontoclasm_vaults_loading_screen, layout_vaults_chaotic_city,
          serial_shops, bzr_entry_lakeside
Vaults:4: vaults_room_fancy_cross, vaults_room_boxed, vaults_room_door_ring,
          serial_ice_m, vaults_mumra_hex, nicolae_vaults_fighting_squares,
          ontoclasm_vaults_ring_small, v_rooms_5, nicolae_vaults_big_ls,
          nicolae_vaults_windows_and_doors_thing, v_misc_14, v_alt_pattern_4,
          nicolae_vaults_angled_halls, v_misc_11, layout_vaults_omnibox
Vaults:5
Depths:1: layout_cave_shapes, enter_ziggurat_a, hangedman_coc_ice_floe,
          grunt_qazlal_clouds, nicolae_trove_entry_crossroad,
          minmay_crystal_water, st_stairs_12, grunt_ministairs_14,
          minmay_misc_feat_x, nzn_wu_jian_council_hall
Depths:2: minmay_the_grid_triangle_9x9_rhombus_full_mashed
          [minmay_the_grid_triangle_9x9_pentomino_pain,
          minmay_the_grid_triangle_9x9_negative_grid,
          minmay_the_grid_triangle_9x9_warning,
          minmay_the_grid_triangle_9x9_zippers_horizontal,
          minmay_the_grid_triangle_9x9_zippers_vertical,
          minmay_the_grid_triangle_9x9_fully_insulated_deathbox,
          minmay_the_grid_triangle_9x9_checkered,
          minmay_the_grid_triangle_9x9_prize_special], layout_cave_shapes,
          nicolae_hell_entry_big_baal_hell, nicolae_gozag_seed_capital,
          rand_demon_pan_entry_8
Depths:3: grunt_crosshair, layout_gridlike, grunt_mini_vestibule, abyss_entry,
          corexii_leaking_fountain, uniq_josephina, uniq_frederick
Depths:4: grunt_zot_entry_pinwheel, layout_gridlike, grunt_pan_entry_zigzag,
          nicolae_benzene_ring, hell_entry, grunt_ministairs_9,
          nicolae_ashenzari_skybound
Zot:1:    gammafunk_its_a_trap, layout_concentric_octagons
Zot:2:    layout_misc_corridors, grunt_ministairs_13, st_stairs_10

Skill      XL: |  1  2  3  4  5  6  7  8  9 10 11 12 13 14 15 16 17 18 19 20 21 22 23 24 25 26 |
---------------+-------------------------------------------------------------------------------+-----
Earth Magic    | 4 5 6 8 9 10 12 13 14 15 17 18 19 20 21 22 23 24 | 24.2
Spellcasting   | 3 4 5 6 7 8 9 10 11 12 13 14 15 | 15.4
Fighting       | 2 4 5 7 8 9 10 11 12 13 14 15 16 | 16.6
Conjurations   | 2 4 5 7 8 9 13 16 18 19 20 21 22 | 22.8
Staves         | 2 3 5 6 7 9 10 11 12 | 12.6
Shields        | 3 6 7 8 12 14 15 16 17 18 | 18.4
Armour         | 1 3 4 5 7 9 10 11 12 13 | 13.6
Dodging        | 2 3 4 6 7 8 9 10 | 10.7
Evocations     | 2 3 5 6 8 9 10 11 | 11.1
Stealth        | |  2.1
Transmutations | |  0.7

Action                     |  1- 3 |  4- 6 |  7- 9 | 10-12 | 13-15 | 16-18 | 19-21 | 22-24 | 25-27 || total
---------------------------+-------+-------+-------+-------+-------+-------+-------+-------+-------++-------
  Melee: Unarmed           |     2 |       |       |       |       |       |       |       |       ||     2
         Club              |     3 |       |       |       |       |       |       |       |       ||     3
         Staff             |       |       |    12 |     7 |    53 |    77 |   137 |    97 |   128 ||   511
  Throw: Boomerang         |       |       |       |       |       |       |     1 |       |     1 ||     2
         Javelin           |       |       |       |       |       |       |       |       |     1 ||     1
   Cast: Sandblast         |    51 |    64 |   197 |    34 |       |       |       |       |       ||   346
         Stone Arrow       |       |       |       |   245 |   529 |   181 |       |       |       ||   955
         Lee's Rapid Decon |       |       |       |       |    20 |     5 |     7 |    40 |     5 ||    77
         Iskenderun's Myst |       |       |       |       |    14 |     1 |     3 |     6 |    27 ||    51
         Lehudib's Crystal |       |       |       |       |       |   170 |   263 |   499 |   253 ||  1185
         Iron Shot         |       |       |       |       |       |    33 |   109 |       |    13 ||   155
         Hailstorm         |       |       |       |       |       |       |       |       |    22 ||    22
         Fireball          |       |       |       |       |       |       |       |       |     2 ||     2
    Use: Scroll            |       |       |    19 |    14 |     8 |     6 |     3 |    10 |     3 ||    63
         Potion            |       |       |       |     1 |    12 |     8 |     9 |     5 |    10 ||    45
   Stab: Distracted        |       |       |       |       |       |       |       |     1 |       ||     1
         Invisible         |       |       |       |       |       |       |       |       |     7 ||     7
 Armour: Robe              |     7 |    13 |    44 |    39 |   150 |   121 |    89 |    78 |    85 ||   626
         Acid dragon scale |       |       |     1 |    18 |       |       |       |       |       ||    19
  Dodge: Dodged            |    22 |    18 |    65 |    38 |    95 |    93 |    72 |    94 |   107 ||   604
  Block: Kite shield       |       |       |       |    26 |   178 |   194 |       |       |       ||   398
         Tower shield      |       |       |       |       |       |     6 |   286 |   225 |   259 ||   776
         Reflection        |       |       |       |       |       |       |       |     1 |    27 ||    28

Table legend: (Time is in decaauts)
 A = Elapsed time spent in this place.
 B = Non-inter-level travel time spent in this place.
 C = Inter-level travel time spent in this place.
 D = Time resting spent in this place.
 E = Time spent auto-exploring this place.
 F = Levels seen in this place.
 G = Mean time per level.
                   A        B        C        D        E       F      G
               +--------+--------+--------+--------+--------+-----+--------+
         Total |  72496 |  65013 |   7483 |  15510 |  40299 |  48 | 1510.3 |
       Dungeon |  18878 |  15124 |   3754 |   1048 |  11645 |  15 | 1258.5 |
        Temple |    171 |    100 |     71 |      0 |     91 |   1 |  171.0 |
          Lair |   8415 |   7438 |    977 |   1004 |   5462 |   5 | 1683.0 |
        Shoals |   6543 |   6133 |    410 |   2295 |   3138 |   4 | 1635.8 |
     Snake Pit |   4889 |   4565 |    324 |    764 |   3119 |   4 | 1222.2 |
  Orcish Mines |   2481 |   2150 |    331 |    652 |   1223 |   2 | 1240.5 |
   Elven Halls |   6090 |   5448 |    642 |   1468 |   3242 |   3 | 2030.0 |
        Vaults |  11994 |  11301 |    693 |   3770 |   5959 |   5 | 2398.8 |
        Depths |   8690 |   8477 |    213 |   2982 |   4545 |   4 | 2172.5 |
           Zot |   2620 |   2553 |     67 |   1493 |    844 |   2 | 1310.0 |
        Bazaar |     80 |     80 |      0 |      0 |     37 |   1 |   80.0 |
         Sewer |    270 |    270 |      0 |      0 |    169 |   1 |  270.0 |
        Wizlab |   1369 |   1369 |      0 |     33 |    825 |   1 | 1369.0 |
               +--------+--------+--------+--------+--------+-----+--------+

Top non-repeatable levels by time:
Vaults:5: 3856 daAuts
Shoals:4: 3056 daAuts
Depths:4: 2911 daAuts
    D:15: 2884 daAuts
   Elf:2: 2744 daAuts
Vaults:1: 2606 daAuts
  Lair:4: 2482 daAuts
   Zot:1: 2462 daAuts
Depths:3: 2352 daAuts
     D:8: 2164 daAuts
   Elf:3: 1929 daAuts
Depths:1: 1921 daAuts
   Orc:2: 1919 daAuts
Vaults:3: 1890 daAuts
Vaults:4: 1821 daAuts
